3055 views
Uploaded 2020-01-21 19:44:24
Game version 1.32.0.6
27:27 long 3on3 ladder game on (6)RollingHills
Saved by BEARAND
3055 views
Uploaded 2020-01-21 19:44:24
Game version 1.32.0.6
27:27 long 3on3 ladder game on (6)RollingHills


115 units @ 18.3k
/ 3.7k
58 buildings @ 6.7k
/ 2.6k


| Rod of Necromancy | 4 | 600 |
| Potion of Healing | 2 | 300 |
| Orb of Corruption | 1 | 375 |
| Dust of Appearance | 1 | 75 |
| Scroll of Regeneration | 1 | 100 |
| total: | 9 | 1450g |
| Acolyte | 2 | 150 | / | 0 |
| Ghoul | 3 | 360 | / | 0 |
| Crypt Fiend | 13 | 2795 | / | 520 |
| Frost Wyrm | 5 | 1925 | / | 600 |
| total: | 23 | 5230g | / | 1120w |
| Graveyard | 1 | 215 | / | 0 |
| Crypt | 1 | 200 | / | 50 |
| Altar of Darkness | 1 | 180 | / | 50 |
| Ziggurat | 7 | 1050 | / | 350 |
| Tomb of Relics | 1 | 130 | / | 30 |
| Sacrificial Pit | 1 | 75 | / | 150 |
| Boneyard | 1 | 175 | / | 200 |
| Halls of the Dead | 1 | 320 | / | 210 |
| Black Citadel | 1 | 325 | / | 230 |
| total: | 13 | 2025g | / | 830w |
| 0:01 | Acolyte |
| 0:11 | Graveyard |
| 0:15 | Crypt |
| 0:17 | Acolyte |
| 0:39 | Altar of Darkness |
| 0:54 | Ziggurat |
| 1:17 | Ghoul |
| 1:35 | Crypt Fiend |
| 1:43 | Tomb of Relics |
| 2:07 | Ziggurat |
| 2:20 | Crypt Fiend |
| 2:51 | Death Coil |
| 2:52 | Rod of Necromancy |
| 2:58 | Crypt Fiend |
| 3:31 | Crypt Fiend |
| 4:01 | Crypt Fiend |
| 4:03 | Ghoul |
| 4:12 | Unholy Aura |
| 4:16 | Halls of the Dead |
| 4:32 | Ziggurat |
| 4:36 | Ghoul |
| 4:55 | Creature Attack |
| 5:28 | Crypt Fiend |
| 5:54 | Crypt Fiend |
| 5:57 | Creature Carapace |
| 6:39 | Black Citadel |
| 6:46 | Sacrificial Pit |
| 6:54 | Improved Creature Attack |
| 7:38 | Rod of Necromancy |
| 7:38 | Potion of Healing |
| 7:57 | Ziggurat |
| 8:33 | Improved Creature Carapace |
| 8:52 | Crypt Fiend |
| 9:23 | Dust of Appearance |
| 9:34 | Boneyard |
| 9:41 | Advanced Creature Attack |
| 10:09 | Rod of Necromancy |
| 10:22 | Burrow |
| 10:59 | Frost Wyrm |
| 11:24 | Orb of Corruption |
| 11:39 | Frost Nova |
| 12:24 | Frost Wyrm |
| 12:48 | Crypt Fiend |
| 13:00 | Freezing Breath |
| 13:16 | Rod of Necromancy |
| 13:31 | Web |
| 13:50 | Crypt Fiend |
| 14:34 | Ziggurat |
| 14:50 | Ziggurat |
| 14:54 | Advanced Creature Carapace |
| 15:47 | Frost Wyrm |
| 15:59 | Crypt Fiend |
| 16:34 | Crypt Fiend |
| 16:39 | Death Coil |
| 17:17 | Ziggurat |
| 17:20 | Scroll of Regeneration |
| 17:34 | Potion of Healing |
| 18:16 | Frost Wyrm |
| 18:55 | Crypt Fiend |
| 20:46 | Frost Wyrm |
| 21:30 | Dark Ritual |
| Right click | 1637 |
| Select group | 575 |
| Select | 309 |
| Build/train/purchase | 108 |
| Use ability | 49 |
| Assign group | 47 |
| Chat | 29 |
| Misc. action | 9 |
| Minimap ping | 8 |
| Item give/drop | 3 |
| Esc | 1 |


| Scroll of Regeneration | 1 | 100 |
| Lesser Clarity Potion | 1 | 70 |
| total: | 2 | 170g |
| Peasant | 10 | 750 | / | 0 |
| Footman | 4 | 540 | / | 0 |
| Mortar Team | 18 | 3240 | / | 1260 |
| Priest | 8 | 1080 | / | 80 |
| Rifleman | 9 | 1845 | / | 270 |
| total: | 49 | 7455g | / | 1610w |
| Scout Tower | 1 | 30 | / | 20 |
| Arcane Tower | 1 | 70 | / | 50 |
| Altar of Kings | 1 | 180 | / | 50 |
| Farm | 16 | 1280 | / | 320 |
| Barracks | 1 | 160 | / | 60 |
| Arcane Vault | 2 | 260 | / | 60 |
| Lumber Mill | 1 | 120 | / | 0 |
| Blacksmith | 3 | 420 | / | 180 |
| Arcane Sanctum | 2 | 300 | / | 280 |
| Workshop | 1 | 140 | / | 140 |
| Keep | 1 | 320 | / | 210 |
| total: | 28 | 2890g | / | 1110w |
| 0:02 | Peasant |
| 0:02 | Peasant |
| 0:05 | Altar of Kings |
| 0:20 | Farm |
| 0:22 | Barracks |
| 0:27 | Peasant |
| 0:36 | Peasant |
| 0:49 | Farm |
| 0:52 | Peasant |
| 1:03 | Peasant |
| 1:22 | Peasant |
| 1:24 | Footman |
| 1:35 | Peasant |
| 1:37 | Scout Tower |
| 1:43 | Footman |
| 1:47 | Farm |
| 1:49 | Farm |
| 1:54 | Peasant |
| 2:09 | Arcane Tower |
| 2:12 | Blizzard |
| 2:53 | Keep |
| 3:06 | Footman |
| 3:35 | Footman |
| 3:53 | Arcane Vault |
| 4:00 | Lumber Mill |
| 4:03 | Blacksmith |
| 4:15 | Scroll of Regeneration |
| 4:16 | Lesser Clarity Potion |
| 4:23 | Blacksmith |
| 4:24 | Blacksmith |
| 4:39 | Farm |
| 5:59 | Brilliance Aura |
| 6:04 | Arcane Vault |
| 6:05 | Arcane Sanctum |
| 6:07 | Workshop |
| 6:09 | Arcane Sanctum |
| 6:10 | Farm |
| 6:13 | Farm |
| 6:15 | Improved Lumber Harvesting |
| 6:16 | Peasant |
| 6:40 | Farm |
| 6:41 | Farm |
| 6:43 | Farm |
| 7:00 | Storm Bolt |
| 7:15 | Mortar Team |
| 7:21 | Farm |
| 7:46 | Mortar Team |
| 7:53 | Mortar Team |
| 7:54 | Priest |
| 7:58 | Farm |
| 7:58 | Farm |
| 8:13 | Priest |
| 8:34 | Mortar Team |
| 8:35 | Priest |
| 8:46 | Farm |
| 9:16 | Mortar Team |
| 9:19 | Priest |
| 10:51 | Mortar Team |
| 10:52 | Priest |
| 11:11 | Mortar Team |
| 11:22 | Mortar Team |
| 11:22 | Priest |
| 12:10 | Rifleman |
| 12:10 | Rifleman |
| 12:12 | Black Gunpowder |
| 12:13 | Farm |
| 12:43 | Rifleman |
| 12:59 | Studded Leather Armor |
| 13:20 | Rifleman |
| 13:40 | Farm |
| 14:28 | Rifleman |
| 14:56 | Mortar Team |
| 14:56 | Mortar Team |
| 15:24 | Mortar Team |
| 15:59 | Rifleman |
| 16:29 | Rifleman |
| 16:30 | Mortar Team |
| 16:31 | Priest |
| 17:07 | Rifleman |
| 17:25 | Mortar Team |
| 17:32 | Priest |
| 18:09 | Mortar Team |
| 18:23 | Mortar Team |
| 18:23 | Mortar Team |
| 18:49 | Mortar Team |
| 19:40 | Mortar Team |
| 20:04 | Rifleman |
| 20:21 | Blizzard |
| Select group | 3371 |
| Right click | 2698 |
| Select | 1110 |
| Build/train/purchase | 100 |
| Misc. action | 86 |
| Assign group | 48 |
| Use ability | 31 |
| Minimap ping | 4 |
| Remove unit | 2 |
| Esc | 2 |

| Lesser Clarity Potion | 2 | 140 |
| Scroll of Regeneration | 3 | 300 |
| total: | 5 | 440g |
| Peasant | 18 | 1350 | / | 0 |
| Footman | 10 | 1350 | / | 0 |
| Rifleman | 2 | 410 | / | 60 |
| Mortar Team | 10 | 1800 | / | 700 |
| Siege Engine | 1 | 195 | / | 60 |
| Knight | 2 | 490 | / | 120 |
| total: | 43 | 5595g | / | 940w |
| Farm | 10 | 800 | / | 200 |
| Altar of Kings | 1 | 180 | / | 50 |
| Barracks | 1 | 160 | / | 60 |
| Blacksmith | 1 | 140 | / | 60 |
| Arcane Vault | 1 | 130 | / | 30 |
| Lumber Mill | 1 | 120 | / | 0 |
| Workshop | 2 | 280 | / | 280 |
| Keep | 2 | 640 | / | 420 |
| Castle | 1 | 360 | / | 210 |
| total: | 17 | 1810g | / | 680w |
| 0:03 | Peasant |
| 0:06 | Farm |
| 0:12 | Altar of Kings |
| 0:17 | Peasant |
| 0:20 | Barracks |
| 0:30 | Peasant |
| 0:43 | Farm |
| 0:57 | Peasant |
| 1:14 | Peasant |
| 1:24 | Footman |
| 1:38 | Footman |
| 1:42 | Farm |
| 1:56 | Blacksmith |
| 2:02 | Footman |
| 2:13 | Flame Strike |
| 2:18 | Footman |
| 2:26 | Arcane Vault |
| 2:49 | Footman |
| 2:53 | Farm |
| 3:34 | Peasant |
| 3:34 | Peasant |
| 3:35 | Footman |
| 4:20 | Footman |
| 4:40 | Peasant |
| 4:53 | Peasant |
| 4:53 | Peasant |
| 5:12 | Peasant |
| 5:54 | Rifleman |
| 5:58 | Peasant |
| 5:59 | Peasant |
| 6:09 | Lesser Clarity Potion |
| 6:41 | Peasant |
| 6:47 | Peasant |
| 7:06 | Lumber Mill |
| 7:16 | Defend |
| 7:41 | Keep |
| 8:01 | Siphon Mana |
| 8:18 | Rifleman |
| 8:22 | Footman |
| 8:34 | Scroll of Regeneration |
| 8:34 | Lesser Clarity Potion |
| 8:44 | Footman |
| 8:47 | Iron Forged Swords |
| 8:47 | Iron Plating |
| 9:21 | Footman |
| 10:36 | Workshop |
| 10:40 | Workshop |
| 10:42 | Improved Lumber Harvesting |
| 10:48 | Peasant |
| 10:48 | Peasant |
| 10:48 | Peasant |
| 11:27 | Mortar Team |
| 11:28 | Mortar Team |
| 12:16 | Mortar Team |
| 12:26 | Farm |
| 12:29 | Farm |
| 12:45 | Mortar Team |
| 12:57 | Farm |
| 13:37 | Mortar Team |
| 13:41 | Black Gunpowder |
| 15:18 | Mortar Team |
| 15:20 | Castle |
| 16:40 | Mortar Team |
| 17:21 | Refined Gunpowder |
| 17:22 | Studded Leather Armor |
| 17:33 | Mortar Team |
| 17:35 | Scroll of Regeneration |
| 17:48 | Siege Engine |
| 17:55 | Farm |
| 17:56 | Farm |
| 18:15 | Farm |
| 18:38 | Imbued Gunpowder |
| 19:15 | Advanced Lumber Harvesting |
| 20:06 | Mortar Team |
| 20:08 | Knight |
| 21:08 | Mortar Team |
| 21:09 | Knight |
| 21:11 | Reinforced Leather Armor |
| 22:22 | Scroll of Regeneration |
| Right click | 1455 |
| Select | 497 |
| Build/train/purchase | 83 |
| Select group | 83 |
| Misc. action | 19 |
| Use ability | 15 |
| Assign group | 10 |
| Remove unit | 2 |
| Minimap ping | 1 |
63 units @ 4.9k
/ 0.1k
223 buildings @ 14.2k
/ 6.2k



| Scroll of Regeneration | 2 | 200 |
| Staff of Sanctuary | 3 | 750 |
| Boots of Speed | 3 | 750 |
| Staff of Teleportation | 3 | 450 |
| Periapt of Vitality | 1 | 325 |
| Circlet of Nobility | 1 | 175 |
| Orb of Venom | 3 | 975 |
| total: | 16 | 3625g |
| Peasant | 14 | 1050 | / | 0 |
| Priest | 1 | 135 | / | 10 |
| total: | 15 | 1185g | / | 10w |
| Scout Tower | 63 | 1890 | / | 1260 |
| Arcane Tower | 6 | 420 | / | 300 |
| Guard Tower | 26 | 1820 | / | 1300 |
| Altar of Kings | 1 | 180 | / | 50 |
| Farm | 5 | 400 | / | 100 |
| Lumber Mill | 1 | 120 | / | 0 |
| Arcane Vault | 1 | 130 | / | 30 |
| Arcane Sanctum | 1 | 150 | / | 140 |
| Keep | 1 | 320 | / | 210 |
| Castle | 1 | 360 | / | 210 |
| total: | 72 | 2870g | / | 1580w |
| 0:08 | Peasant |
| 0:10 | Altar of Kings |
| 0:11 | Peasant |
| 0:25 | Farm |
| 0:26 | Peasant |
| 0:31 | Peasant |
| 0:39 | Peasant |
| 1:01 | Peasant |
| 1:04 | Farm |
| 1:12 | Lumber Mill |
| 1:19 | Scout Tower |
| 1:30 | Peasant |
| 1:35 | Peasant |
| 1:37 | Scout Tower |
| 1:46 | Peasant |
| 1:49 | Arcane Tower |
| 1:51 | Scout Tower |
| 1:56 | Peasant |
| 2:01 | Blizzard |
| 2:09 | Scout Tower |
| 2:11 | Arcane Tower |
| 2:13 | Peasant |
| 2:19 | Improved Masonry |
| 2:26 | Peasant |
| 2:27 | Guard Tower |
| 2:34 | Scout Tower |
| 2:44 | Guard Tower |
| 2:47 | Scout Tower |
| 2:55 | Peasant |
| 3:16 | Guard Tower |
| 3:17 | Scout Tower |
| 3:40 | Peasant |
| 3:48 | Scout Tower |
| 3:49 | Guard Tower |
| 4:05 | Keep |
| 4:18 | Scout Tower |
| 4:18 | Guard Tower |
| 4:43 | Scout Tower |
| 4:43 | Guard Tower |
| 5:07 | Scout Tower |
| 5:09 | Guard Tower |
| 5:40 | Guard Tower |
| 5:41 | Scout Tower |
| 5:55 | Boots of Speed |
| 6:02 | Scout Tower |
| 6:13 | Staff of Teleportation |
| 6:21 | Scout Tower |
| 6:32 | Brilliance Aura |
| 6:37 | Guard Tower |
| 6:38 | Scout Tower |
| 6:39 | Scout Tower |
| 6:49 | Arcane Vault |
| 6:51 | Scout Tower |
| 7:06 | Guard Tower |
| 7:09 | Farm |
| 7:10 | Advanced Masonry |
| 7:10 | Improved Lumber Harvesting |
| 7:14 | Arcane Sanctum |
| 7:15 | Castle |
| 7:46 | Guard Tower |
| 8:06 | Scout Tower |
| 8:07 | Scout Tower |
| 8:30 | Guard Tower |
| 8:31 | Scout Tower |
| 8:32 | Scout Tower |
| 8:34 | Scout Tower |
| 8:35 | Arcane Tower |
| 8:49 | Boots of Speed |
| 8:52 | Storm Bolt |
| 9:01 | Staff of Teleportation |
| 9:25 | Guard Tower |
| 9:27 | Scout Tower |
| 9:29 | Scout Tower |
| 10:09 | Blizzard |
| 10:32 | Magic Sentry |
| 10:33 | Imbued Masonry |
| 10:35 | Scroll of Regeneration |
| 10:52 | Staff of Sanctuary |
| 11:01 | Orb of Venom |
| 11:16 | Guard Tower |
| 11:18 | Scout Tower |
| 11:27 | Scroll of Regeneration |
| 11:35 | Scout Tower |
| 11:36 | Scout Tower |
| 11:57 | Farm |
| 12:39 | Priest Adept Training |
| 12:39 | Priest |
| 12:42 | Guard Tower |
| 12:43 | Scout Tower |
| 12:47 | Advanced Lumber Harvesting |
| 12:50 | Scout Tower |
| 12:50 | Scout Tower |
| 13:01 | Staff of Sanctuary |
| 13:15 | Orb of Venom |
| 13:20 | Scout Tower |
| 13:21 | Scout Tower |
| 13:51 | Bash |
| 14:09 | Scout Tower |
| 14:44 | Guard Tower |
| 14:46 | Scout Tower |
| 15:14 | Holy Light |
| 15:19 | Guard Tower |
| 15:20 | Scout Tower |
| 15:28 | Boots of Speed |
| 15:48 | Farm |
| 16:42 | Scout Tower |
| 16:45 | Staff of Sanctuary |
| 16:46 | Orb of Venom |
| 16:53 | Guard Tower |
| 16:54 | Scout Tower |
| 17:28 | Guard Tower |
| 17:30 | Scout Tower |
| 17:31 | Scout Tower |
| 17:38 | Staff of Teleportation |
| 17:47 | Periapt of Vitality |
| 17:49 | Circlet of Nobility |
| 18:00 | Guard Tower |
| 18:02 | Scout Tower |
| 18:09 | Guard Tower |
| 18:10 | Scout Tower |
| 19:01 | Guard Tower |
| 19:02 | Scout Tower |
| 19:04 | Scout Tower |
| 19:30 | Guard Tower |
| 19:32 | Scout Tower |
| 19:44 | Scout Tower |
| 20:46 | Brilliance Aura |
| 22:31 | Arcane Tower |
| 22:34 | Scout Tower |
| 22:35 | Scout Tower |
| 22:38 | Scout Tower |
| 23:53 | Arcane Tower |
| 23:54 | Scout Tower |
| 24:07 | Storm Bolt |
| 24:08 | Divine Shield |
| 24:16 | Scout Tower |
| 24:26 | Arcane Tower |
| 25:54 | Scout Tower |
| 25:56 | Scout Tower |
| 25:59 | Scout Tower |
| 26:00 | Guard Tower |
| 27:12 | Priest Master Training |
| 27:26 | Guard Tower |
| 27:31 | Scout Tower |
| 27:32 | Scout Tower |
| 27:33 | Scout Tower |
| 27:57 | Scout Tower |
| 27:58 | Scout Tower |
| 27:59 | Scout Tower |
| 28:01 | Scout Tower |
| 28:02 | Scout Tower |
| 28:03 | Scout Tower |
| 28:04 | Scout Tower |
| Right click | 1667 |
| Select group | 1092 |
| Assign group | 578 |
| Select | 263 |
| Use ability | 128 |
| Build/train/purchase | 110 |
| Chat | 104 |
| Misc. action | 38 |
| Item give/drop | 2 |



| Staff of Sanctuary | 3 | 750 |
| Lesser Clarity Potion | 2 | 140 |
| Potion of Healing | 1 | 150 |
| Orb of Fire | 1 | 325 |
| Boots of Speed | 3 | 750 |
| Staff of Teleportation | 4 | 600 |
| Moonstone | 1 | 50 |
| Orb of Venom | 2 | 650 |
| total: | 17 | 3415g |
| Peasant | 14 | 1050 | / | 0 |
| Priest | 2 | 270 | / | 20 |
| total: | 16 | 1320g | / | 20w |
| Scout Tower | 101 | 3030 | / | 2020 |
| Arcane Tower | 3 | 210 | / | 150 |
| Guard Tower | 60 | 4200 | / | 3000 |
| Altar of Kings | 1 | 180 | / | 50 |
| Farm | 9 | 720 | / | 180 |
| Lumber Mill | 1 | 120 | / | 0 |
| Arcane Vault | 2 | 260 | / | 60 |
| Arcane Sanctum | 1 | 150 | / | 140 |
| Keep | 1 | 320 | / | 210 |
| Castle | 1 | 360 | / | 210 |
| total: | 115 | 4460g | / | 2450w |
| 0:01 | Peasant |
| 0:01 | Peasant |
| 0:05 | Altar of Kings |
| 0:12 | Peasant |
| 0:18 | Farm |
| 0:19 | Peasant |
| 0:27 | Peasant |
| 0:31 | Farm |
| 0:34 | Farm |
| 0:42 | Peasant |
| 0:49 | Peasant |
| 1:03 | Lumber Mill |
| 1:15 | Peasant |
| 1:29 | Scout Tower |
| 1:32 | Scout Tower |
| 1:36 | Peasant |
| 1:38 | Peasant |
| 1:48 | Scout Tower |
| 1:52 | Peasant |
| 2:00 | Arcane Tower |
| 2:01 | Scout Tower |
| 2:02 | Peasant |
| 2:05 | Blizzard |
| 2:13 | Scout Tower |
| 2:18 | Guard Tower |
| 2:21 | Peasant |
| 2:25 | Scout Tower |
| 2:32 | Guard Tower |
| 2:37 | Peasant |
| 2:52 | Guard Tower |
| 3:08 | Scout Tower |
| 3:09 | Scout Tower |
| 3:10 | Scout Tower |
| 3:32 | Scout Tower |
| 3:34 | Guard Tower |
| 3:36 | Guard Tower |
| 3:38 | Guard Tower |
| 3:40 | Scout Tower |
| 4:07 | Keep |
| 4:08 | Guard Tower |
| 4:19 | Guard Tower |
| 4:20 | Guard Tower |
| 4:24 | Scout Tower |
| 4:28 | Scout Tower |
| 4:39 | Scout Tower |
| 4:39 | Scout Tower |
| 4:49 | Farm |
| 4:51 | Farm |
| 4:51 | Farm |
| 4:59 | Guard Tower |
| 4:59 | Guard Tower |
| 5:03 | Scout Tower |
| 5:08 | Scout Tower |
| 5:10 | Scout Tower |
| 5:20 | Boots of Speed |
| 5:27 | Guard Tower |
| 5:37 | Improved Masonry |
| 5:39 | Guard Tower |
| 5:40 | Scout Tower |
| 5:41 | Scout Tower |
| 5:42 | Scout Tower |
| 5:43 | Scout Tower |
| 5:43 | Scout Tower |
| 5:56 | Arcane Vault |
| 6:04 | Guard Tower |
| 6:18 | Brilliance Aura |
| 6:53 | Advanced Masonry |
| 6:55 | Imbued Masonry |
| 7:08 | Castle |
| 7:19 | Scout Tower |
| 7:20 | Scout Tower |
| 7:21 | Scout Tower |
| 7:22 | Scout Tower |
| 7:35 | Guard Tower |
| 7:35 | Guard Tower |
| 7:42 | Storm Bolt |
| 7:53 | Arcane Vault |
| 8:06 | Boots of Speed |
| 8:14 | Staff of Teleportation |
| 8:30 | Scout Tower |
| 8:30 | Scout Tower |
| 8:31 | Scout Tower |
| 8:32 | Scout Tower |
| 8:41 | Arcane Sanctum |
| 8:47 | Guard Tower |
| 8:55 | Guard Tower |
| 9:09 | Scout Tower |
| 9:09 | Scout Tower |
| 9:10 | Scout Tower |
| 9:10 | Scout Tower |
| 9:34 | Staff of Sanctuary |
| 10:11 | Guard Tower |
| 10:40 | Bash |
| 10:42 | Scout Tower |
| 10:56 | Moonstone |
| 11:17 | Staff of Teleportation |
| 11:22 | Lesser Clarity Potion |
| 11:22 | Potion of Healing |
| 11:26 | Lesser Clarity Potion |
| 11:40 | Guard Tower |
| 11:41 | Guard Tower |
| 11:43 | Magic Sentry |
| 11:43 | Priest |
| 11:47 | Holy Light |
| 12:20 | Boots of Speed |
| 12:36 | Scout Tower |
| 12:36 | Scout Tower |
| 12:52 | Farm |
| 12:53 | Guard Tower |
| 12:53 | Guard Tower |
| 12:54 | Arcane Tower |
| 12:57 | Arcane Tower |
| 13:04 | Staff of Sanctuary |
| 13:29 | Staff of Sanctuary |
| 14:25 | Blizzard |
| 14:45 | Farm |
| 14:46 | Farm |
| 14:53 | Orb of Venom |
| 15:21 | Staff of Teleportation |
| 15:21 | Staff of Teleportation |
| 16:34 | Priest |
| 16:40 | Guard Tower |
| 17:32 | Scout Tower |
| 17:33 | Scout Tower |
| 17:33 | Scout Tower |
| 17:34 | Scout Tower |
| 17:34 | Scout Tower |
| 17:35 | Scout Tower |
| 17:35 | Scout Tower |
| 17:35 | Scout Tower |
| 17:36 | Scout Tower |
| 17:36 | Scout Tower |
| 17:37 | Scout Tower |
| 17:37 | Scout Tower |
| 17:37 | Scout Tower |
| 17:38 | Scout Tower |
| 17:46 | Scout Tower |
| 17:48 | Scout Tower |
| 17:48 | Scout Tower |
| 18:17 | Orb of Fire |
| 18:23 | Orb of Venom |
| 18:30 | Guard Tower |
| 18:31 | Guard Tower |
| 18:33 | Guard Tower |
| 18:34 | Guard Tower |
| 18:34 | Guard Tower |
| 18:44 | Guard Tower |
| 18:45 | Guard Tower |
| 18:53 | Guard Tower |
| 20:24 | Scout Tower |
| 20:25 | Scout Tower |
| 20:25 | Scout Tower |
| 20:26 | Scout Tower |
| 20:41 | Scout Tower |
| 20:42 | Scout Tower |
| 20:42 | Scout Tower |
| 20:42 | Scout Tower |
| 20:42 | Scout Tower |
| 20:42 | Scout Tower |
| 21:05 | Guard Tower |
| 21:11 | Storm Bolt |
| 21:18 | Guard Tower |
| 21:18 | Guard Tower |
| 21:21 | Guard Tower |
| 21:22 | Guard Tower |
| 21:33 | Divine Shield |
| 22:35 | Guard Tower |
| 23:25 | Scout Tower |
| 23:26 | Scout Tower |
| 23:31 | Scout Tower |
| 23:32 | Scout Tower |
| 23:32 | Scout Tower |
| 24:01 | Guard Tower |
| 24:02 | Guard Tower |
| 25:57 | Scout Tower |
| 25:57 | Scout Tower |
| 25:58 | Scout Tower |
| 25:58 | Scout Tower |
| 25:59 | Scout Tower |
| 25:59 | Scout Tower |
| 26:02 | Scout Tower |
| 26:02 | Scout Tower |
| 26:03 | Scout Tower |
| 26:03 | Scout Tower |
| 26:04 | Scout Tower |
| 26:04 | Scout Tower |
| 26:04 | Scout Tower |
| 26:05 | Scout Tower |
| 26:05 | Scout Tower |
| 26:05 | Scout Tower |
| 26:39 | Brilliance Aura |
| 26:44 | Holy Light |
| 27:57 | Scout Tower |
| 27:58 | Scout Tower |
| 28:01 | Scout Tower |
| 28:01 | Scout Tower |
| 28:02 | Scout Tower |
| 28:03 | Scout Tower |
| 28:03 | Scout Tower |
| 28:04 | Scout Tower |
| 28:04 | Scout Tower |
| 28:05 | Scout Tower |
| 28:06 | Scout Tower |
| 28:07 | Scout Tower |
| 28:07 | Scout Tower |
| 28:07 | Scout Tower |
| 28:08 | Scout Tower |
| Right click | 2868 |
| Select | 804 |
| Select group | 265 |
| Chat | 207 |
| Build/train/purchase | 202 |
| Use ability | 106 |
| Assign group | 9 |
| Misc. action | 8 |
| Item give/drop | 4 |
| Minimap ping | 4 |
| Remove unit | 1 |
TIMG4STRok
(28:08) : 


| Orb of Venom | 1 | 325 |
| Lesser Clarity Potion | 1 | 70 |
| Staff of Teleportation | 3 | 450 |
| Boots of Speed | 3 | 750 |
| Periapt of Vitality | 3 | 975 |
| Potion of Invisibility | 1 | 100 |
| Circlet of Nobility | 3 | 525 |
| Staff of Sanctuary | 3 | 750 |
| total: | 18 | 3945g |
| Wisp | 27 | 1620 | / | 0 |
| Hippogryph | 5 | 800 | / | 100 |
| total: | 32 | 2420g | / | 100w |
| Ancient Protector | 1 | 135 | / | 80 |
| Altar of Elders | 1 | 180 | / | 50 |
| Moon Well | 26 | 4680 | / | 1040 |
| Tree of Life | 4 | 1360 | / | 740 |
| Ancient of Wonders | 2 | 180 | / | 60 |
| Hunter's Hall | 1 | 210 | / | 100 |
| Ancient of Wind | 1 | 150 | / | 140 |
| Tree of Ages | 1 | 320 | / | 180 |
| Tree of Eternity | 1 | 330 | / | 200 |
| total: | 36 | 6895g | / | 2210w |
| 0:04 | Wisp |
| 0:04 | Wisp |
| 0:07 | Altar of Elders |
| 0:11 | Moon Well |
| 0:14 | Wisp |
| 0:20 | Wisp |
| 0:31 | Wisp |
| 0:49 | Wisp |
| 1:09 | Moon Well |
| 1:16 | Wisp |
| 1:19 | Wisp |
| 1:40 | Moon Well |
| 1:49 | Wisp |
| 1:49 | Wisp |
| 1:52 | Wisp |
| 2:13 | Entangling Roots |
| 2:17 | Wisp |
| 2:17 | Wisp |
| 2:37 | Wisp |
| 2:38 | Wisp |
| 3:53 | Wisp |
| 3:53 | Wisp |
| 3:54 | Wisp |
| 4:00 | Moon Well |
| 4:03 | Staff of Teleportation |
| 4:03 | Boots of Speed |
| 4:04 | Periapt of Vitality |
| 4:21 | Wisp |
| 4:21 | Wisp |
| 4:36 | Moon Well |
| 5:05 | Tree of Ages |
| 6:24 | Moon Well |
| 6:33 | Thorns Aura |
| 6:56 | Tree of Life |
| 7:38 | Frost Arrows |
| 7:43 | Tree of Eternity |
| 7:53 | Boots of Speed |
| 8:33 | Ancient of Wonders |
| 8:36 | Ancient of Wonders |
| 8:50 | Ancient of Wind |
| 8:53 | Moon Well |
| 9:01 | Wisp |
| 9:01 | Wisp |
| 9:03 | Wisp |
| 9:03 | Wisp |
| 9:17 | Potion of Invisibility |
| 10:23 | Orb of Venom |
| 10:23 | Lesser Clarity Potion |
| 10:27 | Wisp |
| 10:27 | Wisp |
| 10:27 | Wisp |
| 10:31 | Staff of Sanctuary |
| 10:55 | Entangling Roots |
| 11:34 | Hunter's Hall |
| 11:43 | Moon Well |
| 11:43 | Moon Well |
| 12:23 | Trueshot Aura |
| 12:39 | Well Spring |
| 12:40 | Ultravision |
| 12:50 | Moon Well |
| 12:51 | Moon Well |
| 12:55 | Ancient Protector |
| 12:58 | Hippogryph |
| 12:59 | Hippogryph |
| 13:19 | Staff of Teleportation |
| 13:27 | Boots of Speed |
| 13:53 | Mana Shield |
| 14:32 | Moon Well |
| 14:33 | Moon Well |
| 14:36 | Hippogryph |
| 14:36 | Hippogryph |
| 14:37 | Hippogryph |
| 14:39 | Strength of the Wild |
| 14:40 | Reinforced Hides |
| 15:23 | Circlet of Nobility |
| 17:27 | Tree of Life |
| 17:34 | Moon Well |
| 17:35 | Moon Well |
| 17:35 | Moon Well |
| 17:37 | Improved Strength of the Wild |
| 17:37 | Improved Reinforced Hides |
| 17:42 | Staff of Teleportation |
| 17:42 | Circlet of Nobility |
| 17:43 | Periapt of Vitality |
| 17:51 | Staff of Sanctuary |
| 18:20 | Moon Well |
| 18:21 | Moon Well |
| 18:25 | Staff of Sanctuary |
| 21:12 | Moon Well |
| 21:13 | Moon Well |
| 21:13 | Moon Well |
| 21:14 | Moon Well |
| 21:23 | Moon Well |
| 21:24 | Moon Well |
| 21:26 | Advanced Strength of the Wild |
| 21:26 | Advanced Reinforced Hides |
| 21:34 | Nature's Blessing |
| 21:37 | Tree of Life |
| 22:27 | Searing Arrows |
| 23:25 | Tree of Life |
| 23:43 | Moon Well |
| 23:45 | Moon Well |
| 24:16 | Frost Arrows |
| 24:36 | Thorns Aura |
| 24:47 | Circlet of Nobility |
| 24:48 | Periapt of Vitality |
| Right click | 2269 |
| Select group | 1073 |
| Select | 227 |
| Resource trade | 171 |
| Build/train/purchase | 111 |
| Chat | 92 |
| Misc. action | 82 |
| Use ability | 73 |
| Minimap ping | 29 |
| Assign group | 9 |
| Item give/drop | 7 |
| Esc | 1 |